 Dungeon Crawl Stone Soup version 0.30-a0-415-g685d318daa (webtiles) character file.

Game seed: 13267684875032994348

72578 Jaike the Severer (level 15, -4/139 HPs)
             Began as a Minotaur Fighter on Dec 8, 2022.
             Was the Champion of Elyvilon.
             Slain by a catoblepas (7 damage)
             ... led by Polyphemus
             ... on level 3 of the Shoals on Feb 27, 2023.
             The game lasted 01:56:32 (23760 turns).

Jaike the Severer (Minotaur Fighter)               Turns: 23760, Time: 01:56:33

Health: -4/139     AC: 35    Str: 27    XL:     15   Next: 1%
Magic:  15/15      EV: 12    Int:  9    God:    Elyvilon [******]
Gold:   1454       SH:  7    Dex: 17    Spells: 14/14 levels left

rFire   . . .      SeeInvis .    I - +7 hand axe (venom)
rCold   + + .      Faith    .    c - +0 buckler
rNeg    . . .      Spirit   .    L - +1 crystal plate armour {rC+}
rPois   .          Reflect  .    (helmet unavailable)
rElec   +          Harm     .    G - +0 cloak {Will+}
rCorr   .          Rampage  .    F - +0 pair of gloves
Will    ++...                    D - +0 pair of boots
Stlth   ..........               t - amulet "Xietz" {Acrobat rElec Str+4 Dex+6}
HPRegen 0.00/turn                e - +4 ring of evasion
MPRegen 0.14/turn                w - +4 ring of protection

@: inhibited regen, very slow
A: horns 3, retaliatory headbutt, cold resistance 1, shaggy fur 1, inhibited
regeneration, wild magic 1, MP-powered wands
a: Renounce Religion, Purification, Heal Other, Heal Self, Divine Vigour


You were on level 3 of the Shoals.
You worshipped Elyvilon.
Elyvilon was exalted by your worship.
You visited 3 branches of the dungeon, and saw 19 of its levels.
You also visited: Ice Cave.

You collected 1454 gold pieces.

Inventory:

Hand Weapons
 a - a +1 war axe
 E - a +4 battleaxe
 I - a +7 hand axe of venom (weapon)
 M - the +1 mace of Doom {venom, rElec rPois rC+ Str+4}
   (You found it in an ice cave)

   It poisons the flesh of those it strikes.
   Str:       It affects your strength (+4).
   rC:        It protects you from cold.
   rElec:     It insulates you from electricity.
   rPois:     It protects you from poison.
 N - a +2 eveningstar of freezing
Missiles
 T - 3 curare-tipped darts (quivered)
Armour
 b - a +2 scale mail
 c - a +0 buckler (worn)
 D - a +0 pair of boots (worn)
 F - a +0 pair of gloves (worn)
 G - a +0 cloak of willpower (worn)
 L - a +1 crystal plate armour of cold resistance (worn)
 U - +0 steam dragon scales
Jewellery
 e - a +4 ring of evasion (left hand)
 f - a +6 ring of dexterity
 q - an amulet of the acrobat
 r - a ring of protection from fire
 t - the amulet "Xietz" (around neck) {Acrobat rElec Str+4 Dex+6}
   (You acquired it on level 5 of the Lair of Beasts)

   [amulet of the acrobat]

   It increases your evasion while moving and waiting.
   Str:       It affects your strength (+4).
   Dex:       It affects your dexterity (+6).
   rElec:     It insulates you from electricity.
 w - a +4 ring of protection (right hand)
 y - an amulet of magic regeneration
 z - a +6 ring of dexterity
 J - a +4 ring of protection
 K - a +6 ring of intelligence
 O - a +4 ring of protection
 V - a ring of fire
 W - the ring "Xueruysm" {rF++ Will+}
   (You found it on level 3 of the Lair of Beasts)

   [ring of willpower]

   rF:        It greatly protects you from fire.
   Will:      It increases your willpower.
Wands
 g - a wand of polymorph (15)
 h - a wand of flame (16)
 x - a wand of quicksilver (11)
 C - a wand of charming (6)
 H - a wand of roots (20)
Scrolls
 j - 5 scrolls of noise
 k - 6 scrolls of immolation
 m - a scroll of silence
 o - 3 scrolls of poison
 p - 2 scrolls of teleportation
 v - 2 scrolls of blinking
 P - 3 scrolls of amnesia
 S - 3 scrolls of fog
 Y - 2 scrolls of summoning
 Z - 5 scrolls of identify
Potions
 d - 2 potions of might
 i - 8 potions of curing
 l - 6 potions of flight
 s - a potion of haste
 u - a potion of berserk rage
 B - 2 potions of invisibility
 R - 2 potions of mutation
 X - 2 potions of cancellation


   Skills:
 + Level 14.3 Fighting
 * Level 20.5 Axes
 + Level 15.6 Armour
 + Level 6.1 Dodging
 + Level 3.3 Stealth
 + Level 10.8 Shields
 + Level 1.7 Invocations
 + Level 1.2 Evocations


You had 14 spell levels left.
You didn't know any spells.
Your spell library contained the following spells:

 Spells                   Type           Power      Damage    Failure   Level
 Apportation              Tloc           0%         N/A       100%        1
 Sublimation of Blood     Necr           0%         N/A       100%        2
 Inner Flame              Hex/Fire       0%         N/A       100%        3
 Cause Fear               Hex            0%         N/A       100%        4
 Petrify                  Tmut/Erth      0%         N/A       100%        4
 Alistair's Intoxication  Tmut/Pois      0%         N/A       100%        5
 Irradiate                Conj/Tmut      0%         3d11      100%        5
 Metabolic Englaciation   Hex/Ice        0%         N/A       100%        5
 Statue Form              Tmut/Erth      0%         N/A       100%        6
 Discord                  Hex            0%         N/A       100%        8


Dungeon Overview and Level Annotations

Branches:
Dungeon (11/15)            Temple (0/1) D:7            Lair (5/5) D:11
 Shoals (3/4) Lair:3        Snake (0/4) Lair:2        Slime (0/5) Lair:4
  IceCv (visited)
    Orc: D:9-12

Altars:
Cheibriados
Dithmenos
Elyvilon
Gozag
Makhleb
Okawaru
Qazlal
Vehumet
Wu Jian
Yredelemnul
Jiyva
Lugonu

Shops:
D:2 *   D:10 !   Shoals:1 *

Portals:
Abyss: Lair:5

Annotations:
Shoals:1 Bai Suzhen; Roxanne
Shoals:3 1 runed translucent door, Cisaothyu's ghost, journeyman TeSu; Donald; Polyphemus


Innate Abilities, Weirdness & Mutations

You have a pair of large horns on your head.
You reflexively headbutt those who attack you in melee.
Your flesh is cold resistant. (rC+)
You are covered in fur. (AC +1)
You do not regenerate when monsters are visible.
Your spells are a little harder to cast, but a little more powerful.
You expend magic power (3 MP) to strengthen your wands.


Message History

Polyphemus hits you but does no damage. Polyphemus hits you.
* * * LOW HITPOINT WARNING * * *
The death yak gores you but does no damage.
You are engulfed in calcifying dust.
The death yak is engulfed in calcifying dust.
The catoblepas breathes a plume of calcifying dust at you.
The blast of calcifying dust hits you but does no damage.
Polyphemus hits you but does no damage. x2; The death yak gores you!
* * * LOW HITPOINT WARNING * * *
You are engulfed in calcifying dust.
The death yak is no longer petrified.
The death yak stops moving altogether!
The death yak is engulfed in calcifying dust.
The death yak is moving more slowly.
The death yak gores you!
* * * LOW HITPOINT WARNING * * *
The catoblepas barely misses you.
Polyphemus hits you but does no damage. x2
You turn to flesh and can move again.
Your unstable footing causes you to fumble your attack.
The death yak gores you but does no damage.
The catoblepas gores you!
* * * LOW HITPOINT WARNING * * *
Polyphemus hits you. Elyvilon protects you from harm!
Polyphemus barely misses you.
Unknown command.
Unknown command.
Unknown command.
Unknown command.
Unknown command.
Unknown command.
Unknown command.
You slash the death yak!
The death yak looks as sick as possible!
The death yak is lightly wounded.
You hit the catoblepas.
The catoblepas is poisoned.
You slash Polyphemus!
Polyphemus looks as sick as possible!
The helpless death yak fails to defend itself.
You slice the death yak!!
The death yak is poisoned.
The death yak gores you.
* * * LOW HITPOINT WARNING * * *
The catoblepas gores you!
You die...

#######################
≈≈≈≈≈≈≈≈≈≈≈≈≈≈≈≈≈≈≈≈≈≈≈
≈≈≈≈≈≈≈≈≈≈≈≈≈≈≈≈≈≈≈≈≈≈≈
≈≈≈≈≈≈≈≈≈≈≈≈≈≈≈≈≈≈≈≈≈≈≈
≈≈≈≈≈≈≈≈≈≈≈~~~≈≈≈≈≈≈≈≈≈
≈≈≈~~≈≈§≈~~~~~~~≈≈≈≈≈≈≈
≈~~~~~C§≈~~....~≈≈≈≈≈≈≈
~~~~..~@Y~§....~≈≈≈≈~≈≈≈
~~...~YY~~....~~≈≈≈~~~~≈
~~..~~~.~~...~~≈≈≈~~~~~~
~~~~~~P.P~~~~~P~≈≈~~~~~~
~..~~~..~..~...~~≈~~~~..
...........P...~~~~~~~..
................~~~~~~~~
....P~P~........~~~...~~
..~P~~~~~..##.~~~~...~


You could see Polyphemus (extremely poisoned), 2 death yaks and a catoblepas
(very poisoned).

Vanquished Creatures
  Gastronok (D:9)
  Kirke (Shoals:1)
  A merfolk impaler (Shoals:1)
  2 hydras
  A catoblepas (Lair:4)
  An alligator snapping turtle (Shoals:3)
  Erica (Lair:1)
  A satyr (Shoals:2)
  2 boulder beetles (Lair:3)
  A merfolk aquamancer (Shoals:3)
  4 two-headed ogres
  2 thrashing horrors (Lair:5)
  8 death yaks (Lair:5)
  Sonja (Lair:2)
  6 sea snakes
  A lindwurm (Lair:3)
  Pikel (D:6)
  4 harpies
  3 ugly things
  A wolf spider (Lair:3)
  2 manticores
  7 fauns
  3 oklob plants (Lair:4)
  Maurice (D:10)
  4 merfolk sirens
  3 cyclopes
  17 elephants
  A torpor snail (Lair:5)
  9 cane toads
  2 ice statues (IceCv)
  6 black mambas
  A cane toad (shapeshifter) (Lair:5)
  2 water nymphs
  Maggie (Lair:2)
  Psyche (D:9)
  4 rime drakes
  6 komodo dragons
  A yaktaur (shapeshifter) (Lair:5)
  An unseen horror (D:9)
  A freezing wraith (IceCv)
  An ancient zyme (Lair:5)
  2 polar bears
  Grinder (D:3)
  A hornet (Lair:1)
  8 merfolk
  2 trolls
  13 blink frogs
  A wind drake (shapeshifter) (Lair:5)
  3 snapping turtles
  A raiju (shapeshifter) (Lair:5)
  A slime creature (Lair:5)
  16 dream sheep
  2 jumping spiders (Lair:3)
  27 yaks
  5 water elementals
  A shadow (D:9)
  4 wyverns
  A ynoxinul (Lair:5)
  8 basilisks
  3 hogs (Shoals:1)
  A chaos spawn (Lair:5)
  2 redbacks (Lair:3)
  A death yak simulacrum (IceCv)
  6 vampire mosquitoes
  Menkaure (D:4)
  3 wargs (D:11)
  2 large abominations (Lair:5)
  3 nagas (Lair:2)
  13 water moccasins
  7 small abominations (Lair:5)
  3 orc warriors
  An ice beast (D:8)
  A black bear (Lair:2)
  2 sky beasts
  5 wolves (Lair:5)
  5 centaurs
  A lemure (D:6)
  4 kobold brigands
  A gnoll sergeant (D:8)
  A scorpion (D:5)
  6 bullfrogs
  3 cane toad simulacra (IceCv)
  12 wights
  8 killer bees
  An elephant simulacrum (IceCv)
  5 howler monkeys
  An electric eel (Lair:2)
  4 lava snakes (Lair:3)
  5 orc priests
  2 hounds
  5 iguanas
  Ijyb (D:3)
  7 orc wizards
  6 hell rats (Lair:3)
  A wolf simulacrum (IceCv)
  5 gnolls
  9 adders
  2 shadow imps
  3 white imps
  A worm (D:2)
  2 dart slugs
  28 orcs
  5 ball pythons
  8 endoplasms
  7 giant cockroaches
  14 goblins
  7 hobgoblins
  2 jackals (D:3)
  17 kobolds
  A quokka (D:4)
  5 bats
  2 frilled lizards
  6 rats
471 creatures vanquished.

Vanquished Creatures (others)
  An orc wizard (D:5)
  A bush (Lair:2)
  17 fungi
  82 plants
  8 toadstools
109 creatures vanquished.

Grand Total: 580 creatures vanquished

Notes
Turn   | Place    | Note
-------+----------+-------------------------------------------
     0 | D:1      | Jaike the Minotaur Fighter began the quest for the Orb.
     0 | D:1      | Reached XP level 1. HP: 19/19 MP: 0/0
   223 | D:1      | Reached XP level 2. HP: 27/27 MP: 1/1
   406 | D:1      | Reached skill level 3 in Axes
   559 | D:1      | You fall into a shaft and drop 1 floor!
   610 | D:2      | Reached XP level 3. HP: 14/33 MP: 2/2
  1010 | D:2      | Found Buymp's General Store.
  1185 | D:2      | Reached XP level 4. HP: 40/41 MP: 3/3
  1619 | D:3      | Found a snail-covered altar of Cheibriados.
  1698 | D:3      | Found a faded altar of an unknown god.
  1876 | D:3      | Reached skill level 4 in Axes
  1952 | D:3      | Noticed Grinder
  1959 | D:3      | Paralysed by Grinder for 3 turns
  1968 | D:3      | Paralysed by Grinder for 4 turns
  1975 | D:3      | Killed Grinder
  1976 | D:3      | Reached skill level 6 in Axes
  1976 | D:3      | Reached XP level 5. HP: 24/47 MP: 4/4
  1976 | D:3      | Reached XP level 6. HP: 28/53 MP: 5/5
  2124 | D:3      | Noticed Ijyb
  2135 | D:3      | Killed Ijyb
  2143 | D:3      | Found a white marble altar of Elyvilon.
  2177 | D:3      | Became a worshipper of Elyvilon the Healer
  2467 | D:3      | Found a stormy altar of Qazlal.
  2557 | D:4      | Noticed Menkaure
  2562 | D:4      | Noticed a sky beast
  2564 | D:4      | Killed Menkaure
  2565 | D:4      | Reached skill level 7 in Axes
  2565 | D:4      | Reached skill level 1 in Dodging
  2570 | D:4      | Killed a sky beast
  2571 | D:4      | Reached skill level 5 in Armour
  2571 | D:4      | Reached XP level 7. HP: 60/60 MP: 6/6
  2951 | D:5      | Entered Level 5 of the Dungeon
  2951 | D:5      | Reached * piety under Elyvilon
  3044 | D:5      | Found a burning altar of Makhleb.
  3044 | D:5      | Found a basalt altar of Yredelemnul.
  3046 | D:5      | Found an opulent altar of Gozag.
  3317 | D:5      | Found an ornate altar of the Wu Jian Council.
  3402 | D:5      | Reached skill level 8 in Axes
  3437 | D:5      | Noticed a yak
  3437 | D:5      | Noticed a yak
  3456 | D:5      | Killed a yak
  3457 | D:5      | Reached skill level 5 in Fighting
  3459 | D:5      | Noticed a yak
  3460 | D:5      | Noticed a yak
  3464 | D:5      | Killed a yak
  3465 | D:5      | Reached skill level 9 in Axes
  3465 | D:5      | Reached XP level 8. HP: 35/68 MP: 7/7
  3802 | D:6      | Reached skill level 10 in Axes
  3963 | D:6      | Reached ** piety under Elyvilon
  4109 | D:6      | Identified the +11 trident of Honesty {speed, rElec Str-3
                  | Int+5}
  4396 | D:6      | Noticed a manticore
  4404 | D:6      | Noticed Pikel
  4418 | D:6      | HP: 3/70 [Pikel/bolt of dispelling energy (14)]
  4670 | D:6      | Found a radiant altar of Vehumet.
  4689 | D:6      | Reached skill level 11 in Axes
  4719 | D:6      | Killed Pikel
  4720 | D:6      | Reached skill level 5 in Shields
  4720 | D:6      | Reached XP level 9. HP: 47/75 MP: 8/8
  4902 | D:6      | Killed a manticore
  4903 | D:6      | Reached skill level 1 in Evocations
  5537 | D:7      | Reached *** piety under Elyvilon
  5572 | D:7      | Reached skill level 12 in Axes
  5722 | D:7      | Found a flagged portal.
  5861 | D:7      | Found an iron altar of Okawaru.
  5902 | D:7      | Reached skill level 1 in Stealth
  6195 | D:7      | Reached skill level 13 in Axes
  6359 | D:7      | Found a staircase to the Ecumenical Temple.
  7137 | D:8      | Reached **** piety under Elyvilon
  7233 | D:8      | Reached XP level 10. HP: 80/84 MP: 9/9
  7936 | D:9      | Noticed Gastronok
  7936 | D:9      | Noticed Psyche
  7951 | D:9      | Killed Psyche
  7962 | D:9      | Killed Gastronok
  7963 | D:9      | Reached skill level 14 in Axes
  8372 | D:9      | Reached ***** piety under Elyvilon
  8564 | D:9      | Reached skill level 15 in Axes
  8954 | D:9      | Noticed a two-headed ogre
  8971 | D:9      | Killed a two-headed ogre
  9816 | D:10     | Entered Level 10 of the Dungeon
  9905 | D:10     | Reached XP level 11. HP: 94/94 MP: 10/10
  9928 | D:10     | Noticed Maurice
  9950 | D:10     | Killed Maurice
 10140 | D:10     | Found a shadowy altar of Dithmenos.
 10325 | D:10     | Found Qeyrioc's Distillery.
 10656 | D:10     | Gained mutation: You passively map a small area around you.
                  | [potion of mutation]
 10656 | D:10     | Gained mutation: You are somewhat resistant to further
                  | mutation. [potion of mutation]
 10657 | D:10     | Lost mutation: You passively map a small area around you.
                  | [potion of mutation]
 10657 | D:10     | Lost mutation: You are somewhat resistant to further
                  | mutation. [potion of mutation]
 10657 | D:10     | Gained mutation: Your magical capacity is low. (-10% MP)
                  | [potion of mutation]
 10657 | D:10     | Gained mutation: You are clumsy. (Dex -2) [potion of
                  | mutation]
 10657 | D:10     | Gained mutation: You are covered in fur. (AC +1) [potion of
                  | mutation]
 10657 | D:10     | Gained mutation: You have a pair of large horns on your
                  | head. [potion of mutation]
 10715 | D:11     | Noticed a two-headed ogre
 10729 | D:11     | Killed a two-headed ogre
 10730 | D:11     | Reached skill level 16 in Axes
 10736 | D:11     | Reached skill level 10 in Armour
 10880 | D:11     | Noticed a two-headed ogre
 10887 | D:11     | Killed a two-headed ogre
 10899 | D:11     | Reached skill level 5 in Dodging
 11157 | D:11     | Found a frozen archway.
 11198 | IceCv    | Entered an ice cave
 11372 | IceCv    | Found a transporter.
 11376 | IceCv    | Noticed a white ugly thing
 11403 | IceCv    | Found a transporter.
 11412 | IceCv    | Killed a white ugly thing
 11464 | IceCv    | Identified the +1 mace of Doom {venom, rElec rPois rC+
                  | Str+4}
 11684 | D:11     | Noticed a two-headed ogre
 11696 | D:11     | Killed a two-headed ogre
 11701 | D:11     | Lost mutation: Your magical capacity is low. (-10% MP)
                  | [potion of mutation]
 11701 | D:11     | Lost mutation: You are clumsy. (Dex -2) [potion of
                  | mutation]
 11701 | D:11     | Gained mutation: Your spells are a little harder to cast,
                  | but a little more powerful. [potion of mutation]
 11701 | D:11     | Gained mutation: Your flesh is cold resistant. (rC+)
                  | [potion of mutation]
 11701 | D:11     | Gained mutation: You do not regenerate when monsters are
                  | visible. [potion of mutation]
 11701 | D:11     | Gained mutation: You expend magic power (3 MP) to
                  | strengthen your wands. [potion of mutation]
 11828 | D:11     | Found a staircase to the Lair.
 12176 | Lair:1   | Entered Level 1 of the Lair of Beasts
 12187 | Lair:1   | Reached XP level 12. HP: 87/104 MP: 11/11
 12576 | Lair:1   | Noticed Erica
 12587 | Lair:1   | Killed Erica
 13453 | Lair:2   | Found a staircase to the Snake Pit.
 13578 | Lair:2   | Reached skill level 17 in Axes
 13647 | Lair:2   | You fall into a shaft and drop 1 floor!
 13672 | Lair:2   | Reached skill level 10 in Fighting
 13710 | Lair:2   | Noticed Sonja
 13727 | Lair:2   | Killed Sonja
 14161 | Lair:2   | Reached ****** piety under Elyvilon
 14310 | Lair:2   | Noticed Maggie
 14323 | Lair:2   | Killed Maggie
 14671 | Lair:3   | Reached XP level 13. HP: 116/116 MP: 12/12
 14694 | Lair:3   | Reached skill level 18 in Axes
 15169 | Lair:3   | Found a runed translucent door.
 15216 | Lair:3   | Identified the +6 whip of Foul Odours {antimagic, Fragile
                  | rPois rCorr SInv}
 15219 | Lair:3   | Found a runed translucent gate.
 15219 | Lair:3   | Found a runed translucent gate.
 15219 | Lair:3   | Found a runed translucent gate.
 15219 | Lair:3   | Found a runed translucent gate.
 15219 | Lair:3   | Found a runed translucent gate.
 15238 | Lair:3   | Found a runed translucent gate.
 15533 | Lair:3   | Identified the ring "Xueruysm" {rF++ Will+}
 15622 | Lair:3   | Found a staircase to the Shoals.
 15640 | Lair:3   | Reached skill level 1 in Invocations
 16447 | Lair:4   | Found a viscous altar of Jiyva.
 16451 | Lair:4   | Found a staircase to the Slime Pits.
 16482 | Lair:4   | HP: 5/117 [oklob plant/splash of acid (3)]
 18075 | Lair:5   | Entered Level 5 of the Lair of Beasts
 18385 | Lair:5   | Reached skill level 19 in Axes
 18601 | Lair:5   | Reached XP level 14. HP: 41/127 MP: 14/14
 19248 | Lair:5   | Identified a scroll of acquirement
 19249 | Lair:5   | Acquired the amulet "Xietz" {Acrobat rElec Str+4 Dex+6}
 19878 | Lair:5   | Found a corrupted altar of Lugonu.
 19878 | Lair:5   | Found a one-way gate to the infinite horrors of the Abyss.
 20143 | Shoals:1 | Entered Level 1 of the Shoals
 20149 | Shoals:1 | Identified Roxanne's Precepts of Changing
 20149 | Shoals:1 | Noticed Roxanne
 20157 | Shoals:1 | Found Hjaryromn's Humungous Hoard.
 20297 | Shoals:1 | Reached skill level 10 in Shields
 20421 | Shoals:1 | Reached skill level 15 in Armour
 20717 | Shoals:1 | Noticed Kirke
 20729 | Shoals:1 | Reached skill level 20 in Axes
 20743 | Shoals:1 | HP: 3/130 [hog[Kirke] (9)]
 21441 | Shoals:1 | Identified the +5 rapier of Yesterday {pain, rC+}
 21479 | Shoals:1 | Noticed a sphinx
 21480 | Shoals:1 | Paralysed by a sphinx for 2 turns
 21492 | Shoals:1 | Killed Kirke
 22794 | Shoals:3 | Found a runed translucent door.
 22794 | Shoals:3 | Noticed Bai Suzhen
 22821 | Shoals:3 | Noticed Donald
 22821 | Shoals:3 | Noticed Cisaothyu's ghost (journeyman TeSu)
 22837 | Shoals:3 | Noticed Polyphemus
 23381 | Shoals:2 | Elyvilon protects you from harm!
 23654 | Shoals:3 | Reached XP level 15. HP: 137/139 MP: 15/15
 23759 | Shoals:3 | HP: 4/139 [catoblepas[Polyphemus] (12)]
 23759 | Shoals:3 | Elyvilon protects you from harm!
 23760 | Shoals:3 | Slain by a catoblepas

Illustrated notes

Levels and vault maps discovered:
D:1:      ldierk_walled_garden, layout_loops_cross
D:2:      layout_rooms, serial_shops, nicolae_shop_trees, minmay_hexomino_u4
D:3:      layout_loops_ring, elyvilon_altar_3, mainiacjoe_overflow_chevrons,
          nicolae_qazlal_eye_of_the_storm, shapermc_ecumenical_altar_ellora,
          nicolae_eternal_life, uniq_grinder, uniq_ijyb
D:4:      layout_gridville, uniq_menkaure
D:5:      layout_rooms, lemuel_round_altar,
          chequers_temple_overflow_statue_of_worship, chequers_decorated_corner,
          minmay_misc_feat_square, minmay_gold_behind_fungi
D:6:      layout_basic, vehumet_crystals, moated_statue, uniq_pikel
D:7:      layout_layer_cave, okawaru_ov_weapons_minmay,
          minmay_temple_entry_overgrown, enter_bailey_5,
          kennysheep_opposing_triangles
D:8:      layout_basic
D:9:      layout_grid_maze, uniq_gastronok, uniq_psyche
D:10:     layout_basic, marbit_many_paths, serial_shops, shop_fountains,
          lightli_orcish_oven, uniq_maurice
D:11:     layout_long_grid, erik_lair_orcish_takeover, portal_ice_cave_rime
Lair:1:   layout_regular_city, uniq_erica
Lair:2:   layout_roguey, guppyfry_snake_entry_island,
          nicolae_lair_grazing_beasts [nicolae_sub_lair_graze_edge,
          nicolae_sub_lair_graze_edge, nicolae_sub_lair_graze_edge,
          nicolae_sub_lair_graze_edge], uniq_sonja, uniq_maggie
Lair:3:   gammafunk_indiana_jones, layout_hall_layers,
          elwin_shoals_entry_stream, lemuel_fruit_tree
Lair:4:   layout_regular_city, minmay_slime_entry_oklob_enclosed
Lair:5:   hellmonk_lair_end_abyssal_woods, layout_long_grid
Shoals:1: layout_shoals, nicolae_alphabet_shops, uniq_roxanne, uniq_kirke
Shoals:2: layout_shoals
Shoals:3: layout_shoals, ebering_ghost_inner_flame, uniq_polyphemus,
          uniq_donald, uniq_bai_suzhen

Skill      XL: |  1  2  3  4  5  6  7  8  9 10 11 12 13 14 |
---------------+-------------------------------------------+-----
Fighting       | 4 5 6 8 9 11 12 14 | 14.3
Axes           | 3 6 7 9 11 13 15 16 17 19 20 | 20.5
Shields        | 4 5 7 8 9 10 | 10.8
Armour         | 4 5 7 8 11 12 14 15 | 15.6
Dodging        | 1 2 3 4 6 |  6.1
Evocations     | 1 |  1.2
Stealth        | 1 2 3 |  3.3
Invocations    | 1 |  1.7

Action                   |  1- 3 |  4- 6 |  7- 9 | 10-12 | 13-15 || total
-------------------------+-------+-------+-------+-------+-------++-------
Melee: War axe           |    83 |    55 |   270 |   134 |       ||   542
       Headbutt          |     8 |    14 |    47 |   134 |   238 ||   441
       Hand axe          |       |       |       |   410 |   864 ||  1274
       Unarmed           |       |       |       |       |    12 ||    12
Throw: Throwing net      |       |       |       |       |     1 ||     1
Invok: Heal Self         |       |       |       |     2 |     7 ||     9
       Heal Other        |       |       |       |       |     1 ||     1
Evoke: Wand              |       |     3 |     5 |       |    10 ||    18
  Use: Scroll            |       |     8 |     4 |     9 |    21 ||    42
       Potion            |       |     5 |     1 |     5 |     8 ||    19
 Stab: Petrified         |       |       |       |       |     5 ||     5
       Invisible         |       |       |       |       |     2 ||     2
       Petrifying        |       |       |       |       |     1 ||     1
Armor: Scale mail        |    27 |    17 |    92 |    99 |       ||   235
       Skin              |       |       |       |     6 |       ||     6
       Crystal plate arm |       |       |       |   126 |   546 ||   672
Dodge: Dodged            |    34 |    30 |   181 |   224 |   436 ||   905
Block: Buckler           |    11 |     7 |    51 |    89 |   216 ||   374

Table legend: (Time is in decaauts)
 A = Elapsed time spent in this place.
 B = Non-inter-level travel time spent in this place.
 C = Inter-level travel time spent in this place.
 D = Time resting spent in this place.
 E = Time spent auto-exploring this place.
 F = Levels seen in this place.
 G = Mean time per level.
                   A        B        C        D        E       F      G
               +--------+--------+--------+--------+--------+-----+--------+
         Total |  23486 |  22475 |   1011 |   4755 |  13571 |  20 | 1174.3 |
       Dungeon |  11706 |  11057 |    649 |   1313 |   7827 |  11 | 1064.2 |
          Lair |   7716 |   7469 |    247 |   2051 |   4112 |   5 | 1543.2 |
        Shoals |   3633 |   3519 |    114 |   1077 |   1630 |   3 | 1211.0 |
      Ice Cave |    430 |    430 |      0 |    313 |      1 |   1 |  430.0 |
               +--------+--------+--------+--------+--------+-----+--------+

Top non-repeatable levels by time:
  Lair:4: 1954 daAuts
  Lair:5: 1898 daAuts
     D:9: 1852 daAuts
Shoals:1: 1724 daAuts
     D:7: 1673 daAuts
  Lair:3: 1429 daAuts
     D:6: 1288 daAuts
Shoals:2: 1260 daAuts
  Lair:2: 1241 daAuts
  Lair:1: 1192 daAuts
     D:5: 1167 daAuts
    D:11: 1027 daAuts
     D:3: 966 daAuts
     D:2: 860 daAuts
     D:8: 849 daAuts
